 Dungeon Crawl Stone Soup version 0.17-a0-1430-g49fde19 (webtiles) character file.

2309 panicbit the Blocker (level 9, -9/79 HPs)
             Began as a Minotaur Fighter on June 25, 2015.
             Was an Initiate of Okawaru.
             Mangled by a white ugly thing (21 damage)
             ... on level 7 of the Dungeon.
             The game lasted 00:19:22 (5498 turns).

panicbit the Blocker (Minotaur Fighter)             Turns: 5498, Time: 00:19:23

Health: -9/79      AC: 16    Str: 31    XL:     9   Next: 18%
Magic:  8/8        EV:  6    Int:  5    God:    Okawaru [......]
Gold:   64         SH: 21    Dex: 12    Spells: 0 memorised, 8 levels left

rFire  . . .     SeeInvis .     a - +0 war axe
rCold  . . .     Clarity  .     B - +0 plate armour
rNeg   + . .     SustAt   .     E - +2 large shield {reflect}
rPois  .         Gourm    .     (helmet restricted)
rElec  .         Spirit   .     (no cloak)
rCorr  +         Warding  .     x - +2 pair of gloves
rMut   .         Stasis   .     (no boots)
MR     .....                    C - amulet of resist corrosion
Stlth  ..........               g - +4 ring of strength
                                m - ring of positive energy

@: mighty, not resistant to hostile enchantments, extremely unstealthy
A: retaliatory headbutt, horns 2
a: Renounce Religion


You were on level 7 of the Dungeon.
You worshipped Okawaru.
Okawaru was noncommittal.
You were not hungry.

You visited 2 branches of the dungeon, and saw 8 of its levels.

You collected 347 gold pieces.
You spent 283 gold pieces at shops.

Inventory:

Hand weapons
 a - a +0 war axe (weapon)
 y - a +0 flail
Armour
 x - a +2 pair of gloves (worn)
 B - a +0 plate armour (worn)
 E - a +2 large shield of reflection (worn)
Jewellery
 b - an uncursed ring of wizardry
 g - a +4 ring of strength (right hand)
 m - a ring of positive energy (left hand)
 n - an uncursed ring of protection from cold
 C - an amulet of resist corrosion (around neck)
 J - the amulet of Bufeiseot {+Rage Int+4, unknown}
   (You bought it in a shop on level 6 of the Dungeon)

   [amulet of rage]

   It affects your intelligence (+4).
   It lets you go berserk.
Magical devices
 A - a wand of hasting (1)
 G - a wand of frost (28)
 I - a wand of enslavement (12)
 N - a wand of random effects (15)
Scrolls
 i - a scroll of recharging
 o - a scroll of remove curse
 s - 2 scrolls of fog {unknown}
 v - 3 scrolls of teleportation
 F - a scroll of magic mapping {unknown}
 K - 2 scrolls of amnesia {unknown}
 L - 2 scrolls of enchant weapon {unknown}
 M - 2 scrolls of blinking {unknown}
 O - a scroll of vulnerability {unknown}
Potions
 c - a potion of berserk rage {unknown}
 d - 2 potions of might
 h - a potion of cancellation {unknown}
 p - a potion of lignification {unknown}
 q - a potion of flight {unknown}
 r - a potion of degeneration {unknown}
 t - a potion of poison
 u - a potion of brilliance {unknown}
 w - a potion of magic
 D - a potion of haste {unknown}
 H - a potion of curing
Comestibles
 e - 4 bread rations
 f - a beef jerky
 j - 4 meat rations
 k - a royal jelly
 l - 2 chunks of flesh
 z - 2 slices of pizza


   Skills:
 + Level 7.0 Fighting
 + Level 7.5 Axes
 + Level 6.9 Armour
 + Level 3.2 Dodging
 + Level 1.0 Stealth
 + Level 9.4 Shields


You had 8 spell levels left.
You didn't know any spells.

Dungeon Overview and Level Annotations

Branches:
Dungeon (7/15)             Temple (1/1) D:7

Altars:
Ashenzari
Cheibriados
Dithmenos
Elyvilon
Fedhas
Gozag
Makhleb
Okawaru
Qazlal
Ru
Sif Muna
Trog
Vehumet
Xom
Yredelemnul
Zin
The Shining One

Shops:
D:6 *

Annotations:
D:7 3 runed doors


Innate Abilities, Weirdness & Mutations

You reflexively headbutt those who attack you in melee.
You have a pair of horns on your head.


Message History

You block the white ugly thing's attack.
Drink which item? (? for menu, Esc to quit)
It was a potion of curing.
You feel better.
The white ugly thing engulfs you but does no damage.
Drink which item? (? for menu, Esc to quit)
It was a potion of poison.
That liquid tasted very nasty...
You are poisoned.
* * * LOW HITPOINT WARNING * * *
You feel sick.
The white ugly thing engulfs you but does no damage.
You feel sick.
Drink which item? (? for menu, Esc to quit)
You feel better.
You block the white ugly thing's attack.
Drink which item? (? for menu, Esc to quit)
It was a potion of magic.
Magic courses through your body. The white ugly thing engulfs you!
* * * LOW HITPOINT WARNING * * *
The white ugly thing freezes you!!
You die...

......######[.....?.....(#
.....## #.....)#(.....#
####.## #......#......#
#..# #...#####...# #..#
#....$#(....# ##.##
###....#....# #..#
##.###.g)Oo#
##.####)#..###g#
##..##.#....@uS#
#.....##...#####
##..####..#### ##...# #.##
....# #..##### # ...##
####.8.## # ...# ###.....#
# #..# #.##8.>.8# ...##
##...#.....#


You could see a white ugly thing, an ogre, an orc priest, an adder and a goblin.

Vanquished Creatures
  Sigmund (D:5)
  The ghost of Terandir the Magician, an average DEIE (D:3)
  4 ogres
  3 eyes of draining (D:5)
  A sky beast (D:7)
  A centaur (D:7)
  A big kobold (D:4)
  A giant frog (D:3)
  2 crimson imps (D:6)
  A centaur skeleton (D:6)
  A gnoll shaman (D:7)
  A jelly (D:6)
  4 orc priests
  A giant frog skeleton (D:5)
  3 hounds
  6 orc wizards
  3 worker ants
  3 hound skeletons
  10 adders
  8 gnolls
  3 shadow imps
  A worm (D:2)
  2 giant geckos
  22 orcs
  A bat skeleton (D:6)
  4 giant cockroaches
  18 hobgoblins
  7 jackals
  4 quokkas
  10 bats
  3 giant newts (D:2)
  13 goblins
  9 kobolds
  10 rats
163 creatures vanquished.

Vanquished Creatures (others)
  A centaur (D:7)
1 creature vanquished.

Grand Total: 164 creatures vanquished

Notes
Turn   | Place    | Note
--------------------------------------------------------------
     0 | D:1      | panicbit the Minotaur Fighter began the quest for the Orb.
     0 | D:1      | Reached XP level 1. HP: 19/19 MP: 0/0
    68 | D:1      | Reached skill level 4 in Armour
   121 | D:1      | Reached XP level 2. HP: 27/27 MP: 1/1
   454 | D:2      | Reached XP level 3. HP: 25/33 MP: 2/2
  1013 | D:2      | Reached XP level 4. HP: 40/40 MP: 3/3
  1415 | D:3      | Noticed a giant frog
  1421 | D:3      | Killed a giant frog
  1421 | D:3      | Reached skill level 1 in Dodging
  1421 | D:3      | Reached skill level 5 in Shields
  1465 | D:3      | Reached XP level 5. HP: 46/46 MP: 4/4
  1504 | D:3      | Noticed Terandir's ghost (average DEIE)
  1509 | D:3      | Killed Terandir's ghost
  1509 | D:3      | Reached skill level 5 in Armour
  1509 | D:3      | Reached XP level 6. HP: 45/53 MP: 5/5
  2167 | D:4      | Reached skill level 6 in Shields
  2167 | D:4      | Reached XP level 7. HP: 50/60 MP: 6/6
  2661 | D:4      | Reached skill level 5 in Fighting
  2927 | D:4      | Reached skill level 5 in Axes
  3082 | D:5      | Entered Level 5 of the Dungeon
  3100 | D:5      | Noticed Sigmund
  3111 | D:5      | Killed Sigmund
  3202 | D:5      | Reached skill level 7 in Shields
  3244 | D:5      | Found a bloodstained altar of Trog.
  3252 | D:5      | Reached XP level 8. HP: 68/70 MP: 0/7
  3518 | D:5      | Reached skill level 8 in Shields
  4158 | D:6      | Found a basalt altar of Yredelemnul.
  4252 | D:6      | Found Astry's Assorted Antiques.
  4495 | D:6      | Bought a shimmering ruby amulet for 130 gold pieces
  4495 | D:6      | Bought a scroll labeled PUINUGG HUICWO for 26 gold pieces
  4495 | D:6      | Bought a scroll labeled PUINUGG HUICWO for 26 gold pieces
  4495 | D:6      | Bought a scroll labeled ISUD ZAXKI for 26 gold pieces
  4495 | D:6      | Bought a scroll labeled FEEMOE NAULUN for 26 gold pieces
  4495 | D:6      | Bought a scroll labeled FEYCUTHR ZOLUO for 26 gold pieces
  4495 | D:6      | Bought a metallic golden potion for 23 gold pieces
  5082 | D:7      | Found a huge runed gate.
  5082 | D:7      | Found a huge runed gate.
  5083 | D:7      | Noticed a polar bear
  5083 | D:7      | Noticed a polar bear
  5084 | D:7      | Noticed a polar bear
  5085 | D:7      | Found a huge runed gate.
  5085 | D:7      | Noticed a polar bear
  5086 | D:7      | Noticed a polar bear
  5150 | D:7      | Found a staircase to the Ecumenical Temple.
  5185 | Temple   | Entered the Ecumenical Temple
  5238 | Temple   | Became a worshipper of Warmaster Okawaru
  5254 | D:7      | Reached skill level 9 in Shields
  5254 | D:7      | Reached XP level 9. HP: 78/78 MP: 8/8
  5381 | D:7      | Reached skill level 1 in Stealth
  5469 | D:7      | Noticed a white ugly thing
  5491 | D:7      | HP: 2/79 [orc priest/divine providence (9)]
  5498 | D:7      | Mangled by a white ugly thing

Vault maps used:
D:1:      sevenhm_arrival_forest_fort_small_6
D:3:      first_bread
D:5:      grunt_decor_one_mirror, serial_park_tiny_1, minmay_curled_crystal,
          trog_eyes_of_draining, uniq_sigmund
D:6:      lemuel_ice_spiral_2, overflow_temple_1_default, serial_shops,
          nicolae_shop_overgrown_old_shop
D:7:      lemuel_bear_cage, nemelex_deck, minmay_temple_entry_statues_pillars,
          grunt_potential
Temple:   nicolae_temple_x_marks_the_god_16

Action                   |  1- 3 |  4- 6 |  7- 9 || total
-------------------------+-------+-------+-------++-------
Melee: War axe           |    81 |    72 |   263 ||   416
       Flail             |       |     8 |       ||     8
  Use: Scroll            |       |       |     5 ||     5
       Potion            |       |       |     5 ||     5
  Eat: Chunk             |       |     4 |    11 ||    15
